 Dungeon Crawl Stone Soup version 0.19.5 (webtiles) character file.

56 Ikkuss the Skirmisher (level 4, -1/35 HPs)
             Began as a Human Wanderer on July 26, 2017.
             Slain by Crazy Yiuf
             ... wielding a +4 quarterstaff of chaos
              (4 damage)
             ... while paralysed by Crazy Yiuf
             ... on level 2 of the Dungeon.
             The game lasted 00:06:12 (2197 turns).

Ikkuss the Skirmisher (Human Wanderer)              Turns: 2197, Time: 00:06:12

Health: -1/35      AC:  9    Str: 15    XL:     4   Next: 17%
Magic:  4/4        EV:  2    Int: 13    God:
Gold:   96         SH:  0    Dex: 10    Spells: 0 memorised, 3 levels left

rFire  . . .     SeeInvis .     k - +0 spear
rCold  . . .     Gourm    .     a - +2 scale mail
rNeg   . . .     Faith    .     (no shield)
rPois  .         Spirit   .     (no helmet)
rElec  .         Reflect  .     (no cloak)
rCorr  .         Harm     .     d - +0 pair of gloves
MR     .....                    (no boots)
Stlth  +.........               (no amulet)
                                (no ring)
                                e - ring of stealth

@: paralysed
A: no striking features
a: no special abilities


You were on level 2 of the Dungeon.
You were not hungry.

You visited 1 branch of the dungeon, and saw 2 of its levels.

You collected 96 gold pieces.

Inventory:

Hand Weapons
 b - a +0 hand crossbow
 k - a +0 spear (weapon)
Missiles
 c - 46 bolts
Armour
 a - a +2 scale mail (worn)
 d - a +0 pair of gloves (worn)
 l - a +0 ring mail
Jewellery
 e - a ring of stealth (left hand)
 t - an uncursed ring of flight {unknown}
Scrolls
 g - a scroll of teleportation {unknown}
 i - 3 scrolls of identify
 j - a scroll of recharging
 m - 2 scrolls of fear {unknown}
 n - a scroll of remove curse {unknown}
Potions
 h - a potion of brilliance
Comestibles
 f - 2 bread rations
 o - a royal jelly
 p - 2 meat rations
 q - 5 fruits


   Skills:
 * Level 3.0 Fighting
   Level 2.8(3.0) Axes
 * Level 1.4(2.3) Polearms
 - Level 2.0 Crossbows
 - Level 2.0 Armour
 - Level 1.0 Stealth
   Level 1.0 Evocations


You had 3 spell levels left.
You didn't know any spells.

Dungeon Overview and Level Annotations

Branches:
Dungeon (2/15)

Altars:
Trog

Annotations:
D:2 Crazy Yiuf


Message History

The dart slug bites you but does no damage.
Crazy Yiuf hits you with a quarterstaff of chaos.
Crazy Yiuf freezes you.
You hit Crazy Yiuf.
Crazy Yiuf is severely wounded.
Crazy Yiuf hits you with a quarterstaff of chaos.
* * * LOW HITPOINT WARNING * * *
Crazy Yiuf freezes you.
* * * LOW HITPOINT WARNING * * *
The dart slug bites you but does no damage.
You hit Crazy Yiuf but do no damage.
Crazy Yiuf is severely wounded.
Crazy Yiuf hits you with a quarterstaff of chaos.
* * * LOW HITPOINT WARNING * * *
You suddenly lose the ability to move!
The dart slug bites you.
* * * LOW HITPOINT WARNING * * *
Crazy Yiuf says, "East alas dark!"
Crazy Yiuf hits you with a quarterstaff of chaos.
You die...

#.##..# #.#.# ##....#
####.###.###.[.## ##.....###
#....# #.#......####..###...##
#....# #.....#..>............#
#....# #.....#.#....######.#.)
#....# #..##.#...#### #.##.
#...#####..#.##..#########.>..
#.............w...............
#...##.......@##<#########.... #
#...##........g#..## #.##. #
#...#.......##.##..# #.###
####.....#........###.# #<# #
.....#####.....##.###)#######.###
##...............................
##########.....###.##.#......####
# ####### #..#......###
##....#....#


You could see Crazy Yiuf and a dart slug.

Vanquished Creatures
  A gnoll (D:1)
  An ooze (D:1)
  A worm (D:2)
  A dart slug (D:1)
  4 leopard geckos
  A giant cockroach (D:1)
  A goblin (D:2)
  3 hobgoblins (D:1)
  3 jackals (D:1)
  A quokka (D:2)
  5 bats
  3 frilled lizards
  5 kobolds
  3 rats (D:1)
33 creatures vanquished.

Notes
Turn   | Place    | Note
-------+----------+-------------------------------------------
     0 | D:1      | Ikkuss the Human Wanderer began the quest for the Orb.
     0 | D:1      | Ikkuss set off with: a +2 scale mail, a +0 hand crossbow, 23 bolts, a +0 hand axe, a bread ration
     0 | D:1      | Reached XP level 1. HP: 16/16 MP: 1/1
   259 | D:1      | Reached XP level 2. HP: 23/23 MP: 2/2
   653 | D:1      | Reached XP level 3. HP: 20/28 MP: 3/3
  1233 | D:1      | Reached skill level 1 in Polearms
  1345 | D:2      | Found a runed door.
  1521 | D:2      | Reached skill level 3 in Fighting
  1521 | D:2      | Reached XP level 4. HP: 28/35 MP: 4/4
  1580 | D:2      | Found a bloodstained altar of Trog.
  1902 | D:2      | Noticed Crazy Yiuf
  2196 | D:2      | Paralysed by Crazy Yiuf for 6 turns
  2197 | D:2      | Slain by Crazy Yiuf

Skill      XL: |  1  2  3 |
---------------+----------+-----
Polearms       | 1 |  1.4
Fighting       | 3 |  3.0
Axes           | |  2.8
Crossbows      | |  2.0
Armour         | |  2.0
Stealth        | |  1.0
Evocations     | |  1.0

Action                   |  1- 3 |  4- 6 || total
-------------------------+-------+-------++-------
Melee: Hand axe          |    43 |       ||    43
       Spear             |    94 |    41 ||   135
  Use: Scroll            |     5 |       ||     5
       Potion            |     1 |     1 ||     2
 Stab: Sleeping          |     1 |       ||     1
  Eat: Chunk             |     2 |     2 ||     4
Armor: Scale mail        |    57 |    18 ||    75
Dodge: Dodged            |    59 |    20 ||    79
